 Dungeon Crawl Stone Soup version 0.29-a0-857-g9b1aa3ac5b (webtiles) character file.

Game seed: 16329506282210688493

1172 jimonade the Trooper (level 8, -6/57 (65) HPs)
             Began as a Formicid Fighter on July 16, 2022.
             Was a Follower of Okawaru.
             Mangled by a wight
             ... wielding a +3 halberd
              (8 damage)
             ... on level 8 of the Dungeon.
             The game lasted 00:11:40 (7996 turns).

jimonade the Trooper (Formicid Fighter)             Turns: 7996, Time: 00:11:41

HP:   -6/57 (65)    AC: 16    Str: 21    XL:     8   Next: 68%
MP:   11/11         EV: 10    Int: 10    God:    Okawaru [*.....]
Gold: 372           SH:  5    Dex: 13    Spells: 11/11 levels left

rFire   . . .      SeeInvis +   a - +0 quarterstaff
rCold   . . .      Faith    .   c - +0 buckler
rNeg    . . .      Spirit   .   B - +0 plate armour
rPois   .          Reflect  .   (helmet unavailable)
rElec   .          Harm     .   (no cloak)
rCorr   .          Rampage  .   v - +0 pair of gloves
Will    +....                   n - +2 pair of boots
Stlth   ..........              (no amulet)
HPRegen 0.19/turn               C - ring of willpower
MPRegen 0.12/turn               y - +4 ring of evasion

@: heavily drained
A: permanent stasis, dig shafts and tunnels, antennae 3, four strong arms
a: Dig, Shaft Self, Renounce Religion, Heroism


You were on level 8 of the Dungeon.
You worshipped Okawaru.
Okawaru was aware of your devotion.
You visited 2 branches of the dungeon, and saw 9 of its levels.

You collected 372 gold pieces.

Inventory:

Hand Weapons
 a - a +0 quarterstaff (weapon)
 q - a +0 whip
 A - a +0 long sword
 J - a +0 giant spiked club
 O - a +3 halberd
 P - a +3 whip
 T - a +2 vorpal spear
Missiles
 u - 6 atropa-tipped darts
 z - 5 poisoned darts (quivered)
 N - 2 throwing nets
Armour
 b - a +0 scale mail
 c - a +0 buckler (worn)
 i - a +0 chain mail
 n - a +2 pair of boots (worn)
 v - a +0 pair of gloves (worn)
 B - a +0 plate armour (worn)
 V - +0 steam dragon scales
Magical Staves
 t - a staff of earth
Jewellery
 p - a ring of flight
 y - a +4 ring of evasion (right hand)
 C - a ring of willpower (left hand)
 H - a ring of magical power
Wands
 K - a wand of iceblast (3)
Scrolls
 e - 2 scrolls of amnesia {unknown}
 g - 2 scrolls of noise {unknown}
 h - 5 scrolls of vulnerability {unknown}
 j - a scroll of summoning {unknown}
 k - a scroll of teleportation {unknown}
 l - a scroll of immolation {unknown}
 o - 2 scrolls of blinking {unknown}
 r - 7 scrolls of identify {unknown}
 D - 3 scrolls of enchant weapon {unknown}
 E - a scroll of magic mapping {unknown}
 F - 2 scrolls of poison {unknown}
 G - a scroll of enchant armour {unknown}
 Q - a scroll of torment {unknown}
Potions
 d - 3 potions of might
 f - 2 potions of mutation {unknown}
 m - a potion of invisibility {unknown}
 s - 8 potions of curing {unknown}
 w - 3 potions of lignification {unknown}
 x - 3 potions of flight {unknown}
 I - a potion of ambrosia {unknown}
 L - a potion of brilliance {unknown}
 M - a potion of berserk rage {unknown}
 R - a potion of heal wounds {unknown}
 S - a potion of resistance {unknown}
 U - a potion of attraction {unknown}


   Skills:
 * Level 6.5 Fighting
 + Level 6.2 Staves
 - Level 0.2 Throwing
 + Level 5.2 Armour
 + Level 5.4 Shields
 - Level 2.3 Spellcasting
 * Level 2.1 Invocations


You had 11 spell levels left.
You didn't know any spells.
Your spell library contained the following spells:

 Spells                   Type           Power      Damage    Failure   Level
 Apportation              Tloc           2%         N/A       100%        1
 Magic Dart               Conj           4%         1d3       100%        1
 Mephitic Cloud           Conj/Pois/Air  1%         N/A       100%        3
 Alistair's Intoxication  Tmut/Pois      0%         N/A       100%        5
 Freezing Cloud           Conj/Ice/Air   0%         6-21      100%        5
 Polar Vortex             Ice            0%         N/A       100%        9
 Summon Small Mammal      Summ           Unusable   N/A       N/A         1
 Call Imp                 Summ           Unusable   N/A       N/A         2
 Call Canine Familiar     Summ           Unusable   N/A       N/A         3
 Summon Guardian Golem    Hex/Summ       Unusable   N/A       N/A         3
 Simulacrum               Ice/Necr       Unusable   N/A       N/A         6

Dungeon Overview and Level Annotations

Branches:
Dungeon (7/15)             Temple (1/1) D:6

Altars:
Ashenzari
Cheibriados
Dithmenos
Fedhas
Gozag
Hepliaklqana
Kikubaaqudgha
Makhleb
Nemelex Xobeh
Okawaru
Qazlal
Ru
Sif Muna
Trog
Uskayaw
Wu Jian
Yredelemnul
The Shining One

Shops:
D:5 *


Innate Abilities, Weirdness & Mutations

You cannot be hasted, slowed, berserked, paralysed or teleported.
You can dig through walls and to a lower floor.
You have a pair of large antennae on your head. (SInv)
Your four strong arms can wield two-handed weapons with a shield.


Message History

Things that are here:
a +0 whip; a +0 flail; a gnoll skeleton
Things that are here:
a +0 short sword; a +0 robe
Found a blossoming altar of Fedhas.
Found an escape hatch in the floor.
Things that are here:
a +0 short sword; a +0 robe
Things that are here:
a +0 short sword; a +0 robe
Things that are here:
a +0 short sword; a +0 robe You block the wight's attack.
You closely miss the wight. The wight hits you with a +3 halberd!
You feel drained.
You hit the wight but do no damage. The wight hits you with a +3 halberd.
You feel drained.
You hit the wight but do no damage. The wight hits you with a +3 halberd.
The wight hits you with a +3 halberd!
* * * LOW HITPOINT WARNING * * *
You closely miss the wight. You block the wight's attack.
You hit the wight.
The wight is moderately damaged.
The wight hits you with a +3 halberd.
* * * LOW HITPOINT WARNING * * *
You feel drained.
* * * LOW HITPOINT WARNING * * *
You closely miss the wight.
The wight is moderately damaged.
The wight barely misses you.
You closely miss the wight.
The wight is moderately damaged.
The wight hits you but does no damage.
You hit the wight.
The wight is moderately damaged.
The wight hits you with a +3 halberd!
* * * LOW HITPOINT WARNING * * *
You closely miss the wight.
The wight is moderately damaged.
The wight hits you with a +3 halberd!
You die...

#...........##.#
#.........### ..
##........# #
##....#### # ##....#
.#.
######....####...##.
#.)))...............
#.####........####..
#..@z........## #...
#..######.....# #...
#..#≈≈≈≈#.##.####...
#..#≈8_≈'.....##....
#..#≈>.≈'...#####...
#..#≈≈≈≈#.#.# ##...#
#..######...###...##
#....z)......##....#
#....#####.........#


You could see a wight.

Vanquished Creatures
  A steam dragon (D:8)
  A black bear (D:5)
  3 ogres
  A scorpion (D:5)
  2 wights (D:8)
  A howler monkey (D:5)
  A crimson imp (D:6)
  2 jellies
  3 hounds
  2 iguanas
  3 adders
  15 gnolls
  A white imp (D:5)
  A worm (D:2)
  A dart slug (D:5)
  7 orcs
  An endoplasm (D:3)
  4 giant cockroaches
  8 goblins
  5 hobgoblins
  7 quokkas
  10 ball pythons
  6 bats
  3 frilled lizards
  5 hobgoblin zombies (D:6)
  3 kobolds
  2 kobold zombies (D:6)
  7 rats
106 creatures vanquished.

Vanquished Creatures (others)
  18 plants (D:2)
18 creatures vanquished.

Grand Total: 124 creatures vanquished

Notes
Turn   | Place    | Note
-------+----------+-------------------------------------------
     0 | D:1      | jimonade the Formicid Fighter began the quest for the Orb.
     0 | D:1      | Reached XP level 1. HP: 18/18 MP: 1/1
    71 | D:1      | Found a faded altar of an unknown god.
   228 | D:1      | Reached XP level 2. HP: 18/24 MP: 2/2
  1021 | D:2      | Reached XP level 3. HP: 21/30 MP: 3/3
  1624 | D:2      | Reached XP level 4. HP: 34/37 MP: 4/4
  2069 | D:2      | Reached skill level 1 in Spellcasting
  2590 | D:3      | Reached XP level 5. HP: 40/42 MP: 6/6
  2666 | D:3      | Found a hide-covered altar of Uskayaw.
  2666 | D:3      | Noticed a +0 spear
  2666 | D:3      | Noticed a +0 short sword
  2666 | D:3      | Noticed a +0 dagger
  2666 | D:3      | Noticed a +0 spear
  2667 | D:3      | Noticed a +0 falchion
  2668 | D:3      | Noticed a +0 short sword
  2728 | D:3      | Noticed a +0 falchion
  2730 | D:3      | Noticed a +0 dagger
  3613 | D:5      | Entered Level 5 of the Dungeon
  3654 | D:5      | Reached XP level 6. HP: 4/49 MP: 8/8
  3951 | D:5      | Noticed an ogre
  3963 | D:5      | Killed an ogre
  4628 | D:5      | Reached XP level 7. HP: 55/55 MP: 10/10
  4807 | D:5      | Found Neliokk's General Store.
  5004 | D:5      | Reached skill level 5 in Fighting
  5347 | D:5      | Found a shadowy altar of Dithmenos.
  5523 | D:5      | Reached skill level 5 in Staves
  5648 | D:6      | Reached skill level 5 in Shields
  5725 | D:6      | Found a staircase to the Ecumenical Temple.
  5735 | Temple   | Entered the Ecumenical Temple
  6082 | Temple   | Became a worshipper of Warmaster Okawaru
  6162 | D:6      | Found a glowing golden altar of the Shining One.
  6532 | D:6      | Reached XP level 8. HP: 38/63 MP: 11/11
  6796 | D:6      | Reached skill level 5 in Armour
  6796 | D:6      | Reached skill level 1 in Invocations
  7155 | D:7      | You fall into a shaft and drop 1 floor!
  7246 | D:8      | Reached * piety under Okawaru
  7901 | D:8      | Found a blossoming altar of Fedhas.
  7995 | D:8      | HP: 2/57 [wight/+3 halberd (10)]
  7996 | D:8      | Mangled by a wight

Illustrated notes

Levels and vault maps discovered:
D:1:      sevenhm_arrival_forest_fort_small_3, layout_loops_corners,
          shapermc_ecumenical_altar_acropolis, minmay_heptomino_o4
D:2:      wad_woods_settlement, layout_loops_ring, serial_park_tiny_2
D:3:      layout_loops_ring, nicolae_uskayaw_en_pointe
D:4:      layout_loops_cross
D:5:      layout_basic, overflow_temple_1_default, serial_shops,
          kennysheep_mini, kennysheep_generic_room_14
D:6:      layout_basic, nicolae_tso_besieged_by_evil,
          minmay_temple_entry_mini_moons, dk_vineyard_2
D:7:      layout_basic, serial_shops, shop
D:8:      layout_cave_pools, elyvilon_altar_4, general_overflow_altar,
          guppyfry_early_elven_hall
Temple:   nicolae_temple_two_arcs

Skill      XL: |  1  2  3  4  5  6  7  8 |
---------------+-------------------------+-----
Fighting       | 4 5 6 |  6.5
Staves         | 3 4 5 6 |  6.2
Spellcasting   | 1 2 |  2.3
Armour         | 4 5 |  5.2
Shields        | 5 |  5.4
Invocations    | 2 |  2.1
Throwing       | |  0.2

Action                   |  1- 3 |  4- 6 |  7- 9 || total
-------------------------+-------+-------+-------++-------
Melee: Quarterstaff      |   100 |   140 |   172 ||   412
Throw: Dart              |       |     2 |     3 ||     5
Armor: Scale mail        |    48 |     8 |       ||    56
       Chain mail        |       |    18 |       ||    18
       Plate armour      |       |    24 |    78 ||   102
Dodge: Dodged            |    45 |    59 |    76 ||   180
Block: Buckler           |    19 |    25 |    44 ||    88

Table legend: (Time is in decaauts)
 A = Elapsed time spent in this place.
 B = Non-inter-level travel time spent in this place.
 C = Inter-level travel time spent in this place.
 D = Time resting spent in this place.
 E = Time spent auto-exploring this place.
 F = Levels seen in this place.
 G = Mean time per level.
                   A        B        C        D        E       F      G
               +--------+--------+--------+--------+--------+-----+--------+
         Total |   8052 |   7829 |    223 |   1097 |   5131 |   9 |  894.7 |
       Dungeon |   7693 |   7494 |    199 |   1097 |   4826 |   8 |  961.6 |
        Temple |    359 |    335 |     24 |      0 |    305 |   1 |  359.0 |
               +--------+--------+--------+--------+--------+-----+--------+

Top non-repeatable levels by time:
     D:5: 1542 daAuts
     D:2: 1321 daAuts
     D:6: 1130 daAuts
     D:1: 1117 daAuts
     D:4: 1112 daAuts
     D:8: 841 daAuts
     D:3: 598 daAuts
  Temple: 359 daAuts
     D:7: 29 daAuts
